 Dungeon Crawl Stone Soup version 0.27-a0-1202-ge72e49191c (webtiles) character file.

Game seed: 1958735505579975228

119 27snakeeyes612 the Chopper (level 5, 0/73 HPs)
             Began as a Naga Berserker on June 2, 2021.
             Was a Believer of Trog.
             Slain by a hobgoblin
             ... wielding a +0 scythe
              (12 damage)
             ... on level 3 of the Dungeon.
             The game lasted 00:01:49 (3321 turns).

27snakeeyes612 the Chopper (Naga Berserker)         Turns: 3321, Time: 00:01:50

Health: 0/73       AC:  8    Str: 20    XL:     5   Next: 3%
Magic:  5/5        EV:  5    Int:  8    God:    Trog [**....]
Gold:   78         SH:  0    Dex: 10    Spells: 4/4 levels left

rFire    . . .     SeeInvis +   a - +0 hand axe
rCold    . . .     Faith    .   (no shield)
rNeg     . . .     Spirit   .   k - +0 chain mail
rPois    +         Reflect  .   j - +0 helmet
rElec    .         Harm     .   (no cloak)
rCorr    .         Rampage  .   o - +0 pair of gloves
Will     .....                  (no barding)
Stlth    ..........             (no amulet)
HPRegen  0.22/turn              (no ring)
MPRegen  0.09/turn              (no ring)

@: berserking (expiring), quick
A: AC +1, large, see invisible, deformed body, poison resistance, slowness 2,
spit poison 1, naga tail 1
a: Spit Poison, Renounce Religion, Berserk, Trog's Hand


You were on level 3 of the Dungeon.
You worshipped Trog.
Trog was pleased with you.
You visited 1 branch of the dungeon, and saw 3 of its levels.

You collected 78 gold pieces.

Inventory:

Hand Weapons
 a - a +0 hand axe (weapon)
Armour
 b - a +0 animal skin
 j - a +0 helmet (worn)
 k - a +0 chain mail (worn)
 o - a +0 pair of gloves (worn)
Wands
 p - a wand of acid (8)
Scrolls
 e - a scroll of amnesia {unknown}
 f - a scroll of blinking {unknown}
 h - a scroll of teleportation {unknown}
 i - a scroll of fear {unknown}
 l - 4 scrolls of identify {unknown}
 m - a scroll of enchant weapon {unknown}
 n - a scroll of magic mapping {unknown}
Potions
 c - a potion of mutation {unknown}
 d - a potion of haste {unknown}
 g - 3 potions of curing {unknown}


   Skills:
 + Level 3.6 Fighting
 + Level 4.7 Axes
 + Level 2.0 Armour
 + Level 1.6 Dodging
 + Level 0.6 Stealth


You had 4 spell levels left.
You didn't know any spells.
Your spell library was empty.

Dungeon Overview and Level Annotations

Branches:
Dungeon (3/15)

Altars:

Shops:
D:2 *


Innate Abilities, Weirdness & Mutations

Your serpentine skin is tough. (AC +1)
You have supernaturally acute eyesight. (SInv)
Armour fits poorly on your strangely shaped body.
Your system is resistant to poisons. (rPois)
You cover ground very slowly.
You can spit poison.
You have a snake-like lower body.


Message History

A ball python comes into view.
Natasha casts a spell at you. The magic dart hits you.
The ball python hisses angrily.
A red film seems to cover your vision as you go berserk!
You feel yourself moving faster!
You feel mighty!
Natasha zaps a wand.
The puff of flame hits you!
You feel a strong urge to attack something.
Your chain mail prevents you from hitting Natasha.
Natasha zaps a wand.
The puff of flame hits you!
* * * LOW HITPOINT WARNING * * *
A goblin comes into view. It is wielding a +0 dagger.
You completely miss Natasha. You barely miss the ball python.
The ball python bites you but does no damage.
Natasha claws you.
* * * LOW HITPOINT WARNING * * *
You closely miss Natasha. You closely miss the ball python. You slash Natasha!
You kill Natasha!
Trog accepts your kill.
Trog appreciates your killing of a magic user.
Natasha yowls pathetically as she dies!
The crimson imp disappears in a puff of smoke!
You barely miss the ball python. The ball python bites you.
* * * LOW HITPOINT WARNING * * *
A hobgoblin comes into view. It is wielding a +0 scythe.
You have reached level 5!
The hobgoblin shouts!
You hit the goblin.
The goblin is severely wounded.
You slash the ball python!
You kill the ball python!
Trog accepts your kill.
You hear a shout!
The goblin hits you but does no damage.
You slash the goblin!
You kill the goblin!
Trog accepts your kill.
The hobgoblin hits you with a +0 scythe!
You die...

########### #...#
#.........###### #...#
#..............### #...#
#.......######...###...#
####..###. .###...#...########
##.##.. ..##......)......#
####..#.. ..#...#########.#
.....##.# #g##.†# #.#
.....#..# #@†#..#########.##
.....#..# #..#..............
........# #..#.#.###.####.#.
####....# #..#.#..##.# #.#.
#...(## ##.##.......# #.#.
#.....######..#.....†..####.#.
##..#........##.............#.
#..###....###.........#######
##.. ######...........# ....


You could see a hobgoblin.

Vanquished Creatures
  Natasha (twice) (D:3)
  An adder (D:2)
  2 worms (D:2)
  A dart slug (D:1)
  4 bats
  4 endoplasms
  2 giant cockroaches (D:2)
  6 goblins
  4 hobgoblins
  3 jackals (D:2)
  2 quokkas (D:2)
  6 ball pythons
  3 frilled lizards (D:2)
  4 kobolds
  7 rats
51 creatures vanquished.

Vanquished Creatures (others)
  6 plants (D:2)
6 creatures vanquished.

Grand Total: 57 creatures vanquished

Notes
Turn   | Place    | Note
-------+----------+-------------------------------------------
     0 | D:1      | 27snakeeyes612 the Naga Berserker began the quest for the
                  | Orb.
     0 | D:1      | Reached XP level 1. HP: 21/21 MP: 1/1
   443 | D:1      | Reached XP level 2. HP: 27/28 MP: 2/2
   894 | D:1      | Found a faded altar of an unknown god.
  1492 | D:2      | Found Deit's Assorted Antiques.
  1502 | D:2      | Reached XP level 3. HP: 17/34 MP: 3/3
  1983 | D:2      | Reached ** piety under Trog
  2365 | D:2      | Reached skill level 4 in Axes
  2654 | D:2      | Reached XP level 4. HP: 38/42 MP: 4/4
  3142 | D:3      | Noticed Natasha
  3147 | D:3      | Killed Natasha
  3309 | D:3      | Noticed Natasha
  3318 | D:3      | Killed Natasha
  3319 | D:3      | Reached XP level 5. HP: 11/49 MP: 5/5
  3321 | D:3      | Slain by a hobgoblin

Illustrated notes

Levels and vault maps discovered:
D:1:      dpeg_cavernosity, layout_loops_ring, shapermc_ecumenical_altar_gd
D:2:      cheibrodos_old_hovel, layout_loops_corners, serial_shops,
          nicolae_shop_overgrown_old_shop, minmay_between
D:3:      layout_basic, minmay_randomly_rotated_circles, uniq_natasha

Skill      XL: |  1  2  3  4 |
---------------+-------------+-----
Axes           | 4 |  4.7
Armour         | 2 |  2.0
Fighting       | |  3.6
Dodging        | |  1.6
Stealth        | |  0.6

Action                   |  1- 3 |  4- 6 || total
-------------------------+-------+-------++-------
Melee: Hand axe          |   145 |    38 ||   183
Invok: Berserk           |     2 |     2 ||     4
 Abil: Spit Poison       |       |     1 ||     1
Armor: Animal skin       |     5 |       ||     5
       Chain mail        |    71 |    19 ||    90
Dodge: Dodged            |    39 |     8 ||    47

Table legend: (Time is in decaauts)
 A = Elapsed time spent in this place.
 B = Non-inter-level travel time spent in this place.
 C = Inter-level travel time spent in this place.
 D = Time resting spent in this place.
 E = Time spent auto-exploring this place.
 F = Levels seen in this place.
 G = Mean time per level.
                   A        B        C        D        E       F      G
               +--------+--------+--------+--------+--------+-----+--------+
         Total |   4051 |   3838 |    213 |    760 |   2655 |   3 | 1350.3 |
       Dungeon |   4051 |   3838 |    213 |    760 |   2655 |   3 | 1350.3 |
               +--------+--------+--------+--------+--------+-----+--------+

Top non-repeatable levels by time:
     D:1: 2041 daAuts
     D:2: 1828 daAuts
     D:3: 181 daAuts
